| TOP OF THE 1ST |
|
Seattle (APP) Mariners batting - Pitching for Boston (APP) Red Sox : RHP Nate Rizzi
|
|
Pitching: RHP Nate Rizzi
|
|
|
Batting: RHB Chris Van Niel
|
0-0: Foul Ball, location: 2F 0-1: Ball 1-1: Ball 2-1: Ground out 4-3 (Groundball, 4, EV 80.0 MPH)
|
|
Batting: RHB John Vasquez
|
0-0: Swinging Strike 0-1: Ball 1-1: Ball 2-1: Foul Ball, location: 2F 2-2: Ball 3-2: Strikes out swinging
|
|
Batting: RHB Nick Edmunds
|
0-0: Called Strike 0-1: SINGLE (Groundball, 4MD, EV 94.4 MPH)
|
|
Batting: RHB Nick Ellis
|
0-0: Foul Ball, location: 2F 0-1: Called Strike 0-2: Foul Ball, location: 2F 0-2: Fly out, F6 (Popup, 4MS, EV 87.5 MPH)
|
| Top of the 1st over - 0 runs, 1 hit, 0 errors, 1 left on base; Seattle (APP) 0 - Boston (APP) 0 |
| BOTTOM OF THE 1ST |
|
Boston (APP) Red Sox batting - Pitching for Seattle (APP) Mariners : RHP Mario Mata
|
|
Pitching: RHP Mario Mata
|
|
|
Batting: LHB Javier Cajina
|
0-0: Ball 1-0: Ground out 3-1 (Groundball, 34, EV 78.1 MPH)
|
|
Batting: RHB Kirk Cully
|
0-0: SINGLE (Groundball, 5S, EV 75.0 MPH) (infield hit)
|
|
Batting: LHB Kien-lung Zou
|
0-0: Ball 1-0: Ball 2-0: Called Strike 2-1: Ball 3-1: Called Strike 3-2: Foul Ball, location: 2F 3-2: Foul Ball, location: 2F 3-2: DOUBLE (Line Drive, 89D, EV 101.9 MPH) Kirk Cully to third
|
|
Batting: LHB Stanislav Parusov
|
0-0: Ball 1-0: Called Strike 1-1: Fly out, F8 (Flyball, 8LXD, EV 90.6 MPH) Runner from 3rd tags up, SCORES, no throw by CF
|
|
Batting: RHB Joe Booth
|
0-0: Ball 1-0: Ball 2-0: Foul Ball, location: 2F 2-1: Ground out 5-3 (Groundball, 56, EV 86.9 MPH)
|
| Bottom of the 1st over - 1 run, 2 hits, 0 errors, 1 left on base; Seattle (APP) 0 - Boston (APP) 1 |
| TOP OF THE 2ND |
|
Seattle (APP) Mariners batting - Pitching for Boston (APP) Red Sox : RHP Nate Rizzi
|
|
Batting: RHB Carlton McDonald
|
0-0: Ground out 3-1 (Groundball, 34, EV 103.8 MPH)
|
|
Batting: RHB Joaquin Salazar
|
0-0: Ball 1-0: Ball 2-0: SINGLE (Line Drive, 9S, EV 104.4 MPH)
|
|
Batting: RHB Ziven Badersky
|
0-0: Called Strike Joaquin Salazar steals 2nd base 0-1: Swinging Strike 0-2: Strikes out looking
|
|
Batting: RHB Rowan Prince
|
0-0: Fly out, F7 (Flyball, 7LMF, EV 88.8 MPH)
|
| Top of the 2nd over - 0 runs, 1 hit, 0 errors, 1 left on base; Seattle (APP) 0 - Boston (APP) 1 |
| BOTTOM OF THE 2ND |
|
Boston (APP) Red Sox batting - Pitching for Seattle (APP) Mariners : RHP Mario Mata
|
|
Batting: RHB Felix Rangel
|
0-0: Fly out, F7 (Flyball, 78S, EV 88.1 MPH)
|
|
Batting: RHB Luis Nino
|
0-0: Foul Ball, location: 2F 0-1: Foul Ball, location: 2F 0-2: Ball 1-2: Strikes out swinging
|
|
Batting: RHB Mo Tsang
|
0-0: Ball 1-0: Ground out 6-3 (Groundball, 6, EV 83.1 MPH)
|
| Bottom of the 2nd over - 0 runs, 0 hits, 0 errors, 0 left on base; Seattle (APP) 0 - Boston (APP) 1 |
| TOP OF THE 3RD |
|
Seattle (APP) Mariners batting - Pitching for Boston (APP) Red Sox : RHP Nate Rizzi
|
|
Batting: RHB Josh Carpenter
|
0-0: Ball 1-0: TRIPLE (Flyball, 89XD, EV 95.0 MPH)
|
|
Batting: RHB Chris Van Niel
|
0-0: Swinging Strike 0-1: Ground out 4-3 (Groundball, 4M, EV 83.8 MPH) Josh Carpenter scores
|
|
Batting: RHB John Vasquez
|
0-0: Hit by Pitch
|
|
Batting: RHB Nick Edmunds
|
0-0: Ball 1-0: Foul Ball, location: 2F 1-1: Foul Ball, location: 2F 1-2: 2-RUN HOME RUN (Flyball, 7D, EV 98.8 MPH), Distance : 382 ft
|
|
Batting: RHB Nick Ellis
|
0-0: Fly out, F7 (Flyball, 78D, EV 91.9 MPH)
|
|
Batting: RHB Carlton McDonald
|
0-0: Foul Ball, location: 2F 0-1: Ball 1-1: Called Strike 1-2: Foul Ball, location: 2F 1-2: Ground out 3-1 (Groundball, 34, EV 105.0 MPH)
|
| Top of the 3rd over - 3 runs, 2 hits, 0 errors, 0 left on base; Seattle (APP) 3 - Boston (APP) 1 |
| BOTTOM OF THE 3RD |
|
Boston (APP) Red Sox batting - Pitching for Seattle (APP) Mariners : RHP Mario Mata
|
|
Batting: RHB Estevan Carrillo
|
0-0: Ball 1-0: Ball 2-0: Ball 3-0: Base on Balls
|
|
Batting: LHB Javier Cajina
|
0-0: SINGLE (Groundball, 4MD, EV 109.4 MPH) Estevan Carrillo to second
|
|
Batting: RHB Kirk Cully
|
0-0: Ball 1-0: Called Strike 1-1: Ball 2-1: Ball 3-1: Base on Balls Estevan Carrillo to third Javier Cajina to second
|
|
DELAY
|
Rain delay of 39 minutes in the 3rd inning.
|
|
Batting: LHB Kien-lung Zou
|
0-0: Ball 1-0: Swinging Strike 1-1: Ball 2-1: Ball 3-1: Base on Balls Estevan Carrillo scores Javier Cajina to third Kirk Cully to second
|
|
Batting: LHB Stanislav Parusov
|
0-0: Called Strike 0-1: Ball 1-1: Foul Ball, location: 2F 1-2: Ball 2-2: Hit by Pitch Javier Cajina scores Kirk Cully to third Kien-lung Zou to second
|
|
Batting: RHB Joe Booth
|
0-0: Ball 1-0: Ball 2-0: Foul Ball, location: 2F 2-1: Foul Ball, location: 2F 2-2: Strikes out swinging
|
|
Batting: RHB Felix Rangel
|
0-0: Ball 1-0: SINGLE (Groundball, 4D, EV 96.2 MPH) Kirk Cully scores Kien-lung Zou to third Stanislav Parusov to second Runner from 3rd tries for Home, SAFE, throw by CF to home
|
|
Batting: RHB Luis Nino
|
0-0: Fly out, F8 (Flyball, 89XD, EV 108.8 MPH)
|
|
Batting: RHB Mo Tsang
|
0-0: Ball 1-0: Swinging Strike 1-1: 3-RUN HOME RUN (Flyball, 9D, EV 94.4 MPH), Distance : 358 ft
|
|
Pitching: RHP Eric Dixon
|
|
|
Batting: RHB Estevan Carrillo
|
0-0: Foul Ball, location: 2F 0-1: Ball 1-1: Ball 2-1: Ball 3-1: Foul Ball, location: 2F 3-2: Foul Ball, location: 2F 3-2: Foul Ball, location: 2F 3-2: Base on Balls
|
|
Batting: LHB Javier Cajina
|
Pickoff Throw to First - Out! 1-3
|
| Bottom of the 3rd over - 7 runs, 3 hits, 0 errors, 0 left on base; Seattle (APP) 3 - Boston (APP) 8 |
| TOP OF THE 4TH |
|
Seattle (APP) Mariners batting - Pitching for Boston (APP) Red Sox : RHP Nate Rizzi
|
|
Batting: RHB Joaquin Salazar
|
0-0: Ball 1-0: Fly out, F9 (Flyball, 9, EV 74.4 MPH)
|
|
Batting: RHB Ziven Badersky
|
0-0: Ball 1-0: Ground out 3-1 (Groundball, 34, EV 84.4 MPH)
|
|
Batting: RHB Rowan Prince
|
0-0: Ground out 6-3 (Groundball, P, EV 81.9 MPH)
|
| Top of the 4th over - 0 runs, 0 hits, 0 errors, 0 left on base; Seattle (APP) 3 - Boston (APP) 8 |
| BOTTOM OF THE 4TH |
|
Boston (APP) Red Sox batting - Pitching for Seattle (APP) Mariners : RHP Eric Dixon
|
|
Batting: LHB Javier Cajina
|
0-0: Called Strike 0-1: Ball 1-1: Foul Ball, location: 2F 1-2: Ball 2-2: Foul Ball, location: 2F 2-2: Fly out, F6 (Popup, 6MS, EV 66.2 MPH)
|
|
Batting: RHB Kirk Cully
|
0-0: Ball 1-0: Foul Ball, location: 2F 1-1: Foul Ball, location: 2F 1-2: Ball 2-2: Fly out, F8 (Flyball, 8RD, EV 74.4 MPH)
|
|
Batting: LHB Kien-lung Zou
|
0-0: Fly out, F7 (Flyball, 78S, EV 91.9 MPH)
|
| Bottom of the 4th over - 0 runs, 0 hits, 0 errors, 0 left on base; Seattle (APP) 3 - Boston (APP) 8 |
| TOP OF THE 5TH |
|
Seattle (APP) Mariners batting - Pitching for Boston (APP) Red Sox : RHP Nate Rizzi
|
|
Batting: RHB Josh Carpenter
|
0-0: Ball 1-0: Foul Ball, location: 2F 1-1: Ball 2-1: Swinging Strike 2-2: Strikes out swinging passed ball, reaches first!
|
|
Batting: RHB Chris Van Niel
|
0-0: Ball 1-0: Swinging Strike 1-1: Called Strike 1-2: Ball Wild Pitch! Josh Carpenter to second 2-2: Foul Ball, location: 2F 2-2: Ball 3-2: Foul Ball, location: 2F 3-2: Base on Balls
|
|
Batting: RHB John Vasquez
|
0-0: Called Strike 0-1: TRIPLE (Line Drive, 78XD, EV 114.4 MPH) Josh Carpenter scores Chris Van Niel scores
|
|
Pitching: RHP Matt Collins
|
|
|
Batting: RHB Nick Edmunds
|
0-0: Fly out, F3 (Popup, 34, EV 65.0 MPH)
|
|
Batting: RHB Nick Ellis
|
0-0: Foul Ball, location: 2F 0-1: Hit by Pitch
|
|
Batting: RHB Carlton McDonald
|
Pickoff Throw to First - Error! E1 John Vasquez scores Nick Ellis to second 0-0: Called Strike 0-1: 2-RUN HOME RUN (Flyball, 7LD, EV 95.0 MPH), Distance : 344 ft
|
|
Batting: RHB Joaquin Salazar
|
0-0: Called Strike 0-1: Swinging Strike 0-2: Strikes out swinging
|
|
Batting: RHB Ziven Badersky
|
0-0: Ball 1-0: Ball 2-0: Ball 3-0: Base on Balls
|
|
Batting: RHB Rowan Prince
|
0-0: Ball 1-0: Swinging Strike 1-1: Swinging Strike 1-2: Ball 2-2: Strikes out swinging
|
| Top of the 5th over - 5 runs, 2 hits, 1 error, 1 left on base; Seattle (APP) 8 - Boston (APP) 8 |
| BOTTOM OF THE 5TH |
|
Boston (APP) Red Sox batting - Pitching for Seattle (APP) Mariners : RHP Eric Dixon
|
|
Batting: LHB Stanislav Parusov
|
0-0: Swinging Strike 0-1: Ball 1-1: Ball 2-1: Ball 3-1: DOUBLE (Flyball, 89XD, EV 96.9 MPH)
|
|
Pitching: LHP Will Creelman
|
|
|
Batting: RHB Joe Booth
|
0-0: Ball 1-0: Called Strike 1-1: Called Strike 1-2: Ground out 1-3 (Groundball, 13S, EV 62.5 MPH) Stanislav Parusov to third
|
|
Batting: RHB Felix Rangel
|
0-0: Swinging Strike 0-1: Swinging Strike 0-2: Ball 1-2: Strikes out looking
|
|
Batting: RHB Luis Nino
|
0-0: Called Strike 0-1: Ball 1-1: Fly out, F7 (Flyball, 7D, EV 104.4 MPH)
|
| Bottom of the 5th over - 0 runs, 1 hit, 0 errors, 1 left on base; Seattle (APP) 8 - Boston (APP) 8 |
| TOP OF THE 6TH |
|
Seattle (APP) Mariners batting - Pitching for Boston (APP) Red Sox : RHP Matt Collins
|
|
Batting: RHB Josh Carpenter
|
0-0: Called Strike 0-1: Called Strike 0-2: Ball 1-2: Foul Ball, location: 2F 1-2: Ball 2-2: Ball 3-2: Base on Balls
|
|
Pitching: LHP Jessie Leslie
|
|
|
Batting: RHB Chris Van Niel
|
0-0: 2-RUN HOME RUN (Flyball, 7D, EV 105.0 MPH), Distance : 392 ft
|
|
Batting: RHB John Vasquez
|
0-0: Hit by Pitch
|
|
Batting: RHB Nick Edmunds
|
0-0: Called Strike 0-1: Ball 1-1: Called Strike 1-2: Ball 2-2: Ball 3-2: SINGLE (Line Drive, 4M, EV 106.9 MPH) John Vasquez to second John Vasquez to third
|
|
Batting: RHB Nick Ellis
|
0-0: Called Strike Nick Edmunds steals 2nd base 0-1: Ball 1-1: Ball 2-1: Ball 3-1: Called Strike 3-2: Base on Balls
|
|
Batting: RHB Carlton McDonald
|
0-0: Called Strike 0-1: Ball Passed Ball! John Vasquez scores Nick Edmunds to third Nick Ellis to second 1-1: Ground out 6-3 (Groundball, 6, EV 100.0 MPH) Nick Edmunds scores
|
|
Pitching: RHP Jose Duran
|
|
|
Batting: RHB Joaquin Salazar
|
0-0: Bunted foul 0-1: Foul Ball, location: 2F 0-2: Ball 1-2: Strikes out swinging
|
|
Batting: RHB Ziven Badersky
|
0-0: Called Strike 0-1: Foul Ball, location: 2F 0-2: Ball 1-2: Ball 2-2: Ground out 4-3 (Groundball, 4D, EV 105.6 MPH)
|
| Top of the 6th over - 4 runs, 2 hits, 0 errors, 1 left on base; Seattle (APP) 12 - Boston (APP) 8 |
| BOTTOM OF THE 6TH |
|
Boston (APP) Red Sox batting - Pitching for Seattle (APP) Mariners : LHP Will Creelman
|
|
Batting: RHB Mo Tsang
|
0-0: Fly out, F5 (Popup, 5SF, EV 80.6 MPH)
|
|
Batting: RHB Estevan Carrillo
|
0-0: SINGLE (Groundball, 3S, EV 69.4 MPH) (infield hit)
|
|
Batting: LHB Javier Cajina
|
0-0: Ball 1-0: Ball 2-0: Ball 3-0: Called Strike 3-1: Base on Balls Estevan Carrillo to second
|
|
Batting: RHB Kirk Cully
|
0-0: Ball Wild Pitch! Estevan Carrillo to third Javier Cajina to second 1-0: Fly out, F7 (Flyball, 7, EV 75.0 MPH)
|
|
Batting: LHB Kien-lung Zou
|
0-0: DOUBLE (Flyball, 89D, EV 109.4 MPH) Estevan Carrillo scores Javier Cajina scores
|
|
Batting: LHB Stanislav Parusov
|
0-0: Ball 1-0: Ball 2-0: Ball 3-0: Base on Balls
|
|
Batting: RHB Joe Booth
|
0-0: Ball 1-0: Ball 2-0: Called Strike 2-1: Ball 3-1: Foul Ball, location: 2F 3-2: Base on Balls Kien-lung Zou to third Stanislav Parusov to second
|
|
Pitching: RHP Ruben Mendoza
|
|
|
Batting: RHB Felix Rangel
|
0-0: Swinging Strike 0-1: Fly out, F9 (Flyball, 9S, EV 91.2 MPH)
|
| Bottom of the 6th over - 2 runs, 2 hits, 0 errors, 3 left on base; Seattle (APP) 12 - Boston (APP) 10 |
| TOP OF THE 7TH |
|
Seattle (APP) Mariners batting - Pitching for Boston (APP) Red Sox : RHP Jose Duran
|
|
Batting: RHB Rowan Prince
|
0-0: Ground out 4-3 (Groundball, 4, EV 103.1 MPH)
|
|
Batting: RHB Josh Carpenter
|
0-0: SINGLE (Groundball, 6MD, EV 110.0 MPH)
|
|
Batting: RHB Chris Van Niel
|
0-0: Ball 1-0: Ball 2-0: Ball 3-0: Base on Balls Josh Carpenter to second
|
|
Batting: RHB John Vasquez
|
0-0: Fielders Choice at 2nd, 3-6 (Groundball, 3, EV 88.8 MPH) Josh Carpenter to third
|
|
Batting: RHB Nick Edmunds
|
0-0: DOUBLE (Flyball, 8RXD, EV 101.2 MPH) Josh Carpenter scores John Vasquez to third Runner from 3rd tries for Home, SAFE, no throw by CF
|
|
Batting: RHB Nick Ellis
|
0-0: DOUBLE (Line Drive, 78D, EV 100.0 MPH) Nick Edmunds scores
|
|
Batting: RHB Carlton McDonald
|
0-0: Called Strike 0-1: Ball 1-1: Ball Wild Pitch! Nick Ellis to third 2-1: Ball 3-1: Base on Balls
|
|
Batting: RHB Joaquin Salazar
|
0-0: Ball 1-0: Called Strike 1-1: Ball 2-1: Swinging Strike 2-2: Foul Ball, location: 2F 2-2: Strikes out swinging
|
| Top of the 7th over - 3 runs, 3 hits, 0 errors, 2 left on base; Seattle (APP) 15 - Boston (APP) 10 |
| BOTTOM OF THE 7TH |
|
Boston (APP) Red Sox batting - Pitching for Seattle (APP) Mariners : RHP Ruben Mendoza
|
|
Pinch Hitting: SHB Arihito Hiramoto
|
0-0: Foul Ball, location: 2F 0-1: SINGLE (Groundball, 4D, EV 98.1 MPH)
|
|
Batting: RHB Mo Tsang
|
0-0: Ball 1-0: SINGLE (Line Drive, 56, EV 93.8 MPH) Arihito Hiramoto to second
|
|
Batting: RHB Estevan Carrillo
|
0-0: Ball 1-0: Foul Ball, location: 2F 1-1: Fly out, F8 (Flyball, 8LS, EV 94.4 MPH)
|
|
Batting: LHB Javier Cajina
|
0-0: Ball 1-0: TRIPLE (Line Drive, 78XD, EV 105.0 MPH) Arihito Hiramoto scores Mo Tsang scores
|
|
Batting: RHB Kirk Cully
|
0-0: Ball 1-0: Ball 2-0: Called Strike 2-1: Swinging Strike 2-2: Foul Ball, location: 2F 2-2: Strikes out looking
|
|
Batting: LHB Kien-lung Zou
|
0-0: Ball 1-0: Foul Ball, location: 2F 1-1: Ball 2-1: Ball 3-1: Foul Ball, location: 2F 3-2: Base on Balls
|
|
Batting: LHB Stanislav Parusov
|
0-0: Ball 1-0: Foul Ball, location: 2F 1-1: Called Strike 1-2: Ball Wild Pitch! Javier Cajina scores Kien-lung Zou to second 2-2: Ball 3-2: Base on Balls
|
|
Batting: RHB Joe Booth
|
0-0: Ball 1-0: Called Strike 1-1: Ball 2-1: Ground out 3-1 (Groundball, 34, EV 103.8 MPH)
|
| Bottom of the 7th over - 3 runs, 3 hits, 0 errors, 2 left on base; Seattle (APP) 15 - Boston (APP) 13 |
| TOP OF THE 8TH |
|
Seattle (APP) Mariners batting - Pitching for Boston (APP) Red Sox : RHP Jose Duran
|
|
Pitching: LHP Brad Victor
|
|
|
Now at 2B: Stanislav Parusov
|
|
|
Now at SS: Matsudaira Ikeda
|
|
|
Batting: RHB Ziven Badersky
|
0-0: Called Strike 0-1: Ground out 6-3 (Groundball, 6, EV 97.5 MPH)
|
|
Batting: RHB Rowan Prince
|
0-0: Ball 1-0: Ball 2-0: Ball 3-0: Base on Balls
|
|
Batting: RHB Josh Carpenter
|
0-0: Swinging Strike 0-1: Foul Ball, location: 2F 0-2: Ball 1-2: Strikes out swinging
|
|
Batting: RHB Chris Van Niel
|
0-0: Ball 1-0: Called Strike 1-1: Ball 2-1: Ball 3-1: Foul Ball, location: 2F 3-2: 2-RUN HOME RUN (Flyball, 9D, EV 98.1 MPH), Distance : 376 ft
|
|
Batting: RHB John Vasquez
|
0-0: Called Strike 0-1: Ground out 1-3 (Groundball, 13S, EV 70.0 MPH)
|
| Top of the 8th over - 2 runs, 1 hit, 0 errors, 0 left on base; Seattle (APP) 17 - Boston (APP) 13 |
| BOTTOM OF THE 8TH |
|
Boston (APP) Red Sox batting - Pitching for Seattle (APP) Mariners : RHP Ruben Mendoza
|
|
Batting: RHB Felix Rangel
|
0-0: Ball 1-0: Foul Ball, location: 2F 1-1: Fly out, F9 (Line Drive, 9, EV 95.0 MPH)
|
|
Batting: SHB Matsudaira Ikeda
|
0-0: Ball 1-0: Ball 2-0: Fly out, F9 (Flyball, 9, EV 88.8 MPH)
|
|
Batting: RHB Mo Tsang
|
0-0: Ball 1-0: Ball 2-0: Ball 3-0: Base on Balls
|
|
Batting: RHB Estevan Carrillo
|
0-0: Called Strike 0-1: Ball 1-1: Swinging Strike 1-2: Ball 2-2: Ball 3-2: Foul Ball, location: 2F 3-2: Base on Balls Mo Tsang to second
|
|
Pitching: RHP Victor Ocampo
|
|
|
Batting: LHB Javier Cajina
|
0-0: Ball 1-0: Fly out, F7 (Line Drive, 7S, EV 109.4 MPH)
|
| Bottom of the 8th over - 0 runs, 0 hits, 0 errors, 2 left on base; Seattle (APP) 17 - Boston (APP) 13 |
| TOP OF THE 9TH |
|
Seattle (APP) Mariners batting - Pitching for Boston (APP) Red Sox : LHP Brad Victor
|
|
Pitching: RHP Cedric Tyler
|
|
|
Batting: RHB Nick Edmunds
|
0-0: Ball 1-0: Fly out, F6 (Popup, P, EV 83.1 MPH)
|
|
Batting: RHB Nick Ellis
|
0-0: Swinging Strike 0-1: Foul Ball, location: 2F 0-2: Ball 1-2: DOUBLE (Line Drive, 89D, EV 100.6 MPH)
|
|
Batting: RHB Carlton McDonald
|
0-0: Ball 1-0: Ball 2-0: Foul Ball, location: 2F 2-1: Foul Ball, location: 2F 2-2: 2-RUN HOME RUN (Flyball, 9D, EV 96.2 MPH), Distance : 367 ft
|
|
Batting: RHB Joaquin Salazar
|
0-0: Ball 1-0: Ball 2-0: Swinging Strike 2-1: Swinging Strike 2-2: Foul Ball, location: 2F 2-2: Foul Ball, location: 2F 2-2: Ball 3-2: Base on Balls
|
|
Batting: RHB Ziven Badersky
|
0-0: Grounds into double play, 6-4-3 (Groundball, 6, EV 99.4 MPH)
|
| Top of the 9th over - 2 runs, 2 hits, 0 errors, 0 left on base; Seattle (APP) 19 - Boston (APP) 13 |
| BOTTOM OF THE 9TH |
|
Boston (APP) Red Sox batting - Pitching for Seattle (APP) Mariners : RHP Victor Ocampo
|
|
Batting: RHB Kirk Cully
|
0-0: Foul Ball, location: 2F 0-1: Ball 1-1: Ball 2-1: Foul Ball, location: 2F 2-2: Ball 3-2: Base on Balls
|
|
Batting: LHB Kien-lung Zou
|
0-0: Ball 1-0: Ball 2-0: Called Strike 2-1: Foul Ball, location: 2F 2-2: Foul Ball, location: 2F 2-2: Foul Ball, location: 2F 2-2: Ball 3-2: Foul Ball, location: 2F 3-2: Ground out U3 (Groundball, 3L, EV 106.9 MPH) Kirk Cully to second
|
|
Batting: LHB Stanislav Parusov
|
0-0: Called Strike 0-1: Ball 1-1: Ball 2-1: Foul Ball, location: 2F 2-2: SINGLE (Groundball, 15S, EV 68.1 MPH) (infield hit) Kirk Cully to third
|
|
Pitching: RHP Domingo Maldonado
|
|
|
Batting: RHB Joe Booth
|
0-0: Ball 1-0: Called Strike 1-1: DOUBLE (Flyball, 89XD, EV 100.0 MPH) Kirk Cully scores Stanislav Parusov to third
|
|
Pinch Hitting: LHB Mike Hutcheson
|
0-0: Called Strike 0-1: Fly out, F8 (Flyball, 8RD, EV 91.2 MPH) Runner from 3rd tags up, SCORES, no throw by CF
|
|
Pinch Hitting: RHB Josh Smith
|
0-0: Ball 1-0: Hit by Pitch
|
|
Batting: RHB Mo Tsang
|
0-0: Called Strike 0-1: Ball 1-1: Fly out, F8 (Flyball, 8LD, EV 82.5 MPH)
|
| Bottom of the 9th over - 2 runs, 2 hits, 0 errors, 2 left on base; Seattle (APP) 19 - Boston (APP) 15 |
|